 Dungeon Crawl Stone Soup version 0.27-a0-1590-g15f69828bf (webtiles) character file.

Game seed: 15959753652771459941

105 mandarbmax the Digger (level 4, -2/27 HPs)
             Began as an Octopode Earth Elementalist on July 18, 2021.
             Splashed by Ijyb's acid (14 damage)
             ... on level 3 of the Dungeon.
             The game lasted 00:02:58 (2617 turns).

mandarbmax the Digger (Octopode Earth Elementalist) Turns: 2617, Time: 00:03:00

Health: -2/27      AC:  5    Str:  7    XL:     4   Next: 83%
Magic:  5/7        EV: 13    Int: 18    God:
Gold:   106        SH:  0    Dex: 12    Spells: 6/7 levels left

rFire    . . .     SeeInvis .   c - +0 dagger
rCold    . . .     Faith    .   (no shield)
rNeg     . . .     Spirit   .   (helmet restricted)
rPois    .         Reflect  .   (no amulet)
rElec    .         Harm     .   e - +4 ring of protection
rCorr    .         Rampage  .   (no ring)
Will     .....                  (no ring)
Stlth    +++.......             (no ring)
HPRegen  0.09/turn              (no ring)
MPRegen  0.10/turn              (no ring)
                                (no ring)
                                (no ring)

@: no status effects
A: almost no armour, amphibious, 8 rings, camouflage 1, gelatinous body 1,
(nimble swimmer 1), tentacles
a: no special abilities


You were on level 3 of the Dungeon.
You visited 1 branch of the dungeon, and saw 3 of its levels.

You collected 106 gold pieces.

Inventory:

Hand Weapons
 c - a +0 dagger (weapon)
Missiles
 b - 29 stones
Jewellery
 e - a +4 ring of protection (left tentacle)
 i - a ring of see invisible
Scrolls
 g - a scroll of teleportation {unknown}
 h - a scroll of enchant weapon {unknown}
 j - a scroll of brand weapon {unknown}
 k - a scroll of fog {unknown}
 m - a scroll of identify
Potions
 a - a potion of curing
 d - a potion of cancellation
 f - a potion of invisibility
 l - a potion of ambrosia {unknown}


   Skills:
 - Level 2.0 Dodging
 - Level 2.6 Stealth
 - Level 2.0 Spellcasting
 - Level 1.0 Transmutations
 + Level 5.4 Earth Magic


You had 6 spell levels left.
You knew the following spells:

 Your Spells              Type           Power      Damage    Failure   Level
a - Sandblast             Erth           42%        2d11      1%          1

Your spell library contained the following spells:

 Spells                   Type           Power      Damage    Failure   Level
 Passwall                 Tmut/Erth      10%        N/A       8%          2
 Stone Arrow              Conj/Erth      22%        3d8       19%         3
 Petrify                  Tmut/Erth      13%        N/A       43%         4


Dungeon Overview and Level Annotations

Branches:
Dungeon (3/15)

Altars:

Shops:
D:2 [

Annotations:
D:3 2 runed translucent doors, Ijyb; Spaninq's ghost, amateur MfBe


Innate Abilities, Weirdness & Mutations

You cannot wear most types of armour.
You are amphibious.
You can wear up to eight rings at the same time.
Your skin changes colour to match your surroundings (Stealth+).
Your rubbery body absorbs attacks. (AC +1, EV +1)
((You are camouflaged near water. (Stealth+)))
You have tentacles for arms and can constrict up to eight enemies at once.


Message History

You feel better.
You constrict the iguana, but do no damage.
The iguana closely misses you.
Casting: Sandblast (safe; 2% risk of failure)
Confirm with . or Enter, or press ? or * to list all spells.
Aiming: Sandblast (safe; 2% risk of failure)
Press: ? - help, Shift-Dir - straight line, f/p - iguana
Aim: an iguana (severely wounded, constricted by you, 100% to hit)
The blast of sand hits the iguana but does no damage.
The iguana is severely wounded.
You constrict the iguana. The iguana closely misses you.
Unknown command.
Casting: Sandblast (safe; 2% risk of failure)
Confirm with . or Enter, or press ? or * to list all spells.
Aiming: Sandblast (safe; 2% risk of failure)
Press: ? - help, Shift-Dir - straight line, f/p - iguana
Aim: an iguana (almost dead, constricted by you, 100% to hit)
The blast of sand hits the iguana!
You kill the iguana!
Unknown command.
You start resting.
Magic restored.
You start resting.
HP restored.
You start waiting.
Done waiting.
Found a large runed translucent door.
Found a scroll of identify.
Spaninq's ghost turns its malevolent gaze towards you.
Ijyb the Twisted Goblin comes into view.
She is wielding a +0 club and carrying a wand of acid (7).
Ijyb shouts!
Ijyb zaps a wand.
The bolt of acid misses you.
The blast of sand misses Ijyb.
The blast of sand hits Ijyb.
Ijyb is moderately wounded.
Ijyb zaps a wand.
The bolt of acid hits you!
Ouch! That really hurt!
You are splashed with acid!
Ouch! That really hurt!
You die...

...##..≈≈.#.#
...##..#.⌠.≈# #.#
...#.....≈≈# #.#
...####++### #.# #
..#.#......# #.# .#
#.#.##...### #.# ..##
#.#.##...######.#
....
..÷.[...........##..#
#.####.#.####...@g..#
.#.###.#.# #.#####.#
###.##.#.# #.#
##...#.# #.# #.####.#
#.# ### #.. ... ###
#.. #..


You could see Ijyb.

Vanquished Creatures
  An iguana (D:3)
  3 gnolls (D:2)
  2 adders (D:2)
  2 ball pythons (D:2)
  3 endoplasms
  A giant cockroach (D:2)
  2 goblins (D:2)
  A hobgoblin (D:3)
  2 jackals (D:2)
  5 quokkas
  A bat (D:1)
  3 frilled lizards
  A kobold (D:2)
  8 rats
35 creatures vanquished.

Vanquished Creatures (others)
  A plant (D:1)
1 creature vanquished.

Grand Total: 36 creatures vanquished

Notes
Turn   | Place    | Note
-------+----------+-------------------------------------------
     0 | D:1      | mandarbmax the Octopode Earth Elementalist began the quest
                  | for the Orb.
     0 | D:1      | Reached XP level 1. HP: 11/11 MP: 3/3
   468 | D:1      | Found a faded altar of an unknown god.
   719 | D:1      | Reached XP level 2. HP: 17/17 MP: 3/5
  1423 | D:2      | Found Ejian's Armour Emporium.
  1430 | D:2      | Reached skill level 4 in Earth Magic
  1430 | D:2      | Reached XP level 3. HP: 21/21 MP: 4/6
  1622 | D:2      | Reached XP level 4. HP: 19/27 MP: 1/7
  1756 | D:2      | Reached skill level 5 in Earth Magic
  2596 | D:3      | Found a large runed translucent door.
  2596 | D:3      | Found a large runed translucent door.
  2601 | D:3      | Noticed Spaninq's ghost (amateur MfBe)
  2612 | D:3      | Noticed Ijyb
  2617 | D:3      | Splashed by Ijyb's acid

Illustrated notes

Levels and vault maps discovered:
D:1:      mrwooster_arrival_statue, layout_basic,
          shapermc_ecumenical_altar_mp_urbaneastern, minmay_box_of_dots
D:2:      layout_basic, serial_shops, nicolae_shop_trees, st_stairs_5
D:3:      layout_loops_ring, minitemple, ebering_ghost_disaster_area, uniq_ijyb

Skill      XL: |  1  2  3  4 |
---------------+-------------+-----
Earth Magic    | 4 5 |  5.4
Dodging        | |  2.0
Stealth        | |  2.6
Spellcasting   | |  2.0
Transmutations | |  1.0

Action                   |  1- 3 |  4- 6 || total
-------------------------+-------+-------++-------
Melee: Unarmed           |    18 |       ||    18
       Constrict         |     7 |     3 ||    10
       Tentacles         |     5 |     1 ||     6
       Dagger            |     9 |    16 ||    25
 Cast: Sandblast         |    31 |     9 ||    40
  Use: Scroll            |     4 |       ||     4
       Potion            |       |     2 ||     2
 Stab: Sleeping          |     1 |     1 ||     2
Armor: Skin              |     5 |     1 ||     6
Dodge: Dodged            |    29 |    12 ||    41

Table legend: (Time is in decaauts)
 A = Elapsed time spent in this place.
 B = Non-inter-level travel time spent in this place.
 C = Inter-level travel time spent in this place.
 D = Time resting spent in this place.
 E = Time spent auto-exploring this place.
 F = Levels seen in this place.
 G = Mean time per level.
                   A        B        C        D        E       F      G
               +--------+--------+--------+--------+--------+-----+--------+
         Total |   2615 |   2557 |     58 |    406 |   1933 |   3 |  871.7 |
       Dungeon |   2615 |   2557 |     58 |    406 |   1933 |   3 |  871.7 |
               +--------+--------+--------+--------+--------+-----+--------+

Top non-repeatable levels by time:
     D:1: 1168 daAuts
     D:2: 879 daAuts
     D:3: 567 daAuts
